 Dungeon Crawl Stone Soup version 0.26-a0-597-gb535b0901c (webtiles) character file.

Game seed: 12210070935637976419

9 Lanoc the Grave Robber (level 2, -2/15 HPs)
             Began as a Kobold Necromancer on Sept 15, 2020.
             Slain by a leopard gecko (3 damage)
             ... on level 1 of the Dungeon.
             The game lasted 00:00:35 (506 turns).

Lanoc the Grave Robber (Kobold Necromancer)          Turns: 506, Time: 00:00:35

Health: -2/15      AC:  2    Str:  5    XL:     2   Next: 20%
Magic:  0/5        EV: 15    Int: 16    God:
Gold:   43         SH:  0    Dex: 15    Spells: 3/5 levels left

rFire    . . .     SeeInvis .   (weapon restricted)
rCold    . . .     Faith    .   (shield restricted)
rNeg     . . .     Spirit   .   a - +0 robe
rPois    .         Reflect  .   (no helmet)
rElec    .         Harm     .   (no cloak)
rCorr    .                      (no gloves)
MR       .....                  (no boots)
Stlth    +++.......             (no amulet)
HPRegen  0.05/turn              (no ring)
MPRegen  0.09/turn              (no ring)

@: no status effects
A: small, nightstalker 3
a: no special abilities


You were on level 1 of the Dungeon.
You visited 1 branch of the dungeon, and saw 1 of its levels.

You collected 43 gold pieces.

Inventory:

Armour
 a - a +0 robe (worn)
Scrolls
 b - a scroll of remove curse {unknown}
Potions
 c - a potion of degeneration {unknown}


   Skills:
 + Level 2.8 Dodging
 - Level 2.6 Stealth
 - Level 2.1 Spellcasting
 * Level 4.3 Necromancy


You had 3 spell levels left.
You knew the following spells:

 Your Spells              Type           Power        Failure   Level
a - Pain                  Necr           ###.         3%          1
b - Animate Skeleton      Necr           ###...       3%          1

Your spell library contained the following spells:

 Spells                   Type           Power        Failure   Level
 Vampiric Draining        Necr           ###.......   11%         3
 Animate Dead             Necr           ###.......   34%         4
 Agony                    Necr           ###.....     67%         5


Dungeon Overview and Level Annotations

Branches:
Dungeon (1/15)

Altars:


Innate Abilities, Weirdness & Mutations

You are small and have problems with some larger weapons.
You are completely attuned to the shadows.


Message History

The hobgoblin closely misses you.
Casting: Pain (safe; 3% risk of failure)
Confirm with . or Enter, or press ? or * to list all spells.
Aiming: Pain (safe; 3% risk of failure)
Press: ? - help, Shift-Dir - straight line, f/p - hobgoblin
Aim: a hobgoblin, wielding a +0 club (lightly wounded, chance to defeat MR: 85%)
The hobgoblin writhes in agony.
The leopard gecko hisses angrily.
The hobgoblin hits you with a +0 club.
Casting: Pain (safe; 3% risk of failure)
Confirm with . or Enter, or press ? or * to list all spells.
Aiming: Pain (safe; 3% risk of failure)
Press: ? - help, Shift-Dir - straight line, f/p - hobgoblin
Aim: a hobgoblin, wielding a +0 club (severely wounded, chance to defeat MR: 85%)
The hobgoblin writhes in agony.
The hobgoblin hits you with a +0 club.
* * * LOW HITPOINT WARNING * * *
The leopard gecko closely misses you.
The leopard gecko hisses menacingly.
The leopard gecko bites you.
You die...

.....###....##
..............##
................#
................##
#.......###....##
#.....## #...## #...##
##.## ..
########'#######.# #.
#......@.......#.#
.##.##.####l#(#####.#.#
..........g...## #.#.#
##..#†#.##....####.#.#
#..#.#..............#
###..#.####.........###
.....#........#######
####.#######.##
#.........#


You could see a leopard gecko and a hobgoblin.

Vanquished Creatures
  A dart slug (D:1)
  A ball python (D:1)
  A goblin (D:1)
  A hobgoblin (D:1)
  A kobold (D:1)
  2 rats (D:1)
7 creatures vanquished.

Notes
Turn   | Place    | Note
-------+----------+-------------------------------------------
     0 | D:1      | Lanoc the Kobold Necromancer began the quest for the Orb.
     0 | D:1      | Reached XP level 1. HP: 10/10 MP: 3/3
    60 | D:1      | Learned a level 1 spell: Animate Skeleton
   280 | D:1      | Reached XP level 2. HP: 11/15 MP: 0/5
   506 | D:1      | Slain by a leopard gecko

Illustrated notes

Levels and vault maps discovered:
D:1:      ebering_trefoil_3fold, layout_loops_corners

Action                   || total
-------------------------++-------
Melee: Unarmed           ||     3
 Cast: Pain              ||    17
Armor: Robe              ||     1
Dodge: Dodged            ||     5

Table legend: (Time is in decaauts)
 A = Elapsed time spent in this place.
 B = Non-inter-level travel time spent in this place.
 C = Inter-level travel time spent in this place.
 D = Time resting spent in this place.
 E = Time spent auto-exploring this place.
 F = Levels seen in this place.
 G = Mean time per level.
                   A        B        C        D        E       F      G
               +--------+--------+--------+--------+--------+-----+--------+
         Total |    506 |    506 |      0 |      0 |    462 |   1 |  506.0 |
       Dungeon |    506 |    506 |      0 |      0 |    462 |   1 |  506.0 |
               +--------+--------+--------+--------+--------+-----+--------+

Top non-repeatable levels by time:
     D:1: 506 daAuts
